 Dungeon Crawl Stone Soup version 0.16.2-12-gd0ad4c3 (webtiles) character file.

56 Seneschal the Sneak (level 3, 0/16 HPs)
             Began as a Spriggan Enchanter on Sept 24, 2015.
             Slain by an orc
             ... wielding a +0 flail
              (4 damage)
             ... on level 3 of the Dungeon.
             The game lasted 00:06:55 (1709 turns).

Seneschal the Sneak (Spriggan Enchanter)            Turns: 1709, Time: 00:06:55

Health: 0/16       AC:  3    Str:  4    XL:     3   Next: 71%
Magic:  1/11       EV: 18    Int: 17    God:
Gold:   108        SH:  0    Dex: 16    Spells: 2 memorised, 6 levels left

rFire  . . .     SeeInvis +     a - +1 dagger
rCold  . . .     Clarity  .     b - +1 robe
rNeg   . . .     SustAb   .     (shield restricted)
rPois  .         Gourm    .     (helmet restricted)
rElec  .         Spirit   .     (no cloak)
rCorr  .         Warding  .     (gloves unavailable)
rMut   .         Stasis   .     (boots unavailable)
MR     .....                    (no amulet)
Stlth  +++.......               (no ring)
                                (no ring)

@: very slightly contaminated, very quick, not resistant to hostile
enchantments, fairly stealthy
A: unfitting armour, see invisible, herbivore 3, speed 3, slow metabolism 2
a: no special abilities


You were on level 3 of the Dungeon.
You were not hungry.

You visited 1 branch of the dungeon, and saw 3 of its levels.

You collected 108 gold pieces.

Inventory:

Hand weapons
 a - a +1 dagger (weapon)
Armour
 b - a +1 robe (worn)
Jewellery
 p - an uncursed amulet of rage {unknown}
Scrolls
 f - 2 scrolls of random uselessness {unknown}
 k - 3 scrolls of teleportation {unknown}
 n - a scroll of enchant weapon {unknown}
 o - a scroll of remove curse {unknown}
Potions
 g - a potion of curing {unknown}
 i - a potion of brilliance {unknown}
 j - a potion of degeneration {unknown}
Books
 c - a book of Maledictions

   Spells                             Type                      Level
   a - Corona                         Hexes                        1
   b - Sure Blade                     Hexes/Charms                 2
   c - Ensorcelled Hibernation        Hexes/Ice                    2
   d - Confuse                        Hexes                        3
   e - Dazzling Spray                 Conjuration/Hexes            3
   f - Enslavement                    Hexes                        4
Comestibles
 d - 4 bread rations
 m - a royal jelly


   Skills:
 + Level 1.2 Short Blades
 + Level 3.3 Dodging
 + Level 5.5 Stealth
 * Level 3.6 Spellcasting
 + Level 4.2 Hexes


You had 6 spell levels left.
You knew the following spells:

 Your Spells              Type           Power        Failure   Level  Hunger
a - Corona                Hex            ###....      2%          1    None
b - Ensorcelled Hibernat  Hex/Ice        ##....       12%         2    ##.....


Dungeon Overview and Level Annotations

Branches:
Dungeon (3/15)

Altars:
Trog


Innate Abilities, Weirdness & Mutations

You are tiny and cannot use many weapons and most armour.
You have supernaturally acute eyesight.
You are a herbivore.
You cover ground extremely quickly.
You need consume almost no food.


Message History

Press: ? - help, Shift-Dir - straight line, f - orc
Aim: an orc, wielding a flail (chance 59%)
The orc resists with significant effort.
The orc barely misses you.
You closely miss the orc. The orc closely misses you.
Casting: Ensorcelled Hibernation
Confirm with . or Enter, or press ? or * to list all spells.
Aiming: Ensorcelled Hibernation
Press: ? - help, Shift-Dir - straight line, f/p - orc
Aim: an orc, wielding a flail (chance 59%)
The orc looks drowsy...
The orc shouts!
You barely miss the orc. The orc hits you with a flail!
* * * LOW HITPOINT WARNING * * *
An adder comes into view.
Read which item? (? for menu, Esc to quit)
As you read the scroll labeled SHUTHUYNAF, it crumbles to dust.
The scroll dissolves into smoke.
It was a scroll of fog.
The orc hits you with a flail.
You die...

#########
##....§§.#
#####...oo§§§#
#.†...S.§§@§§#
####
#.####...§§§.#
...## #.#
#########
....###l#
...<##..#
...$##.########
...............
.....#.#######.
.....#.#


You could see 2 orcs.

Vanquished Creatures
  An adder (D:2)
  A worm (D:2)
  4 giant geckos
  An orc (D:3)
  6 bats
  3 giant cockroaches
  9 goblins
  2 hobgoblins (D:2)
  3 kobolds
  A quokka (D:2)
  5 giant newts
  3 rats (D:1)
39 creatures vanquished.

Notes
Turn   | Place    | Note
--------------------------------------------------------------
     0 | D:1      | Seneschal, the Spriggan Enchanter, began the quest for the Orb.
     0 | D:1      | Reached XP level 1. HP: 9/9 MP: 4/4
   107 | D:1      | Reached XP level 2. HP: 10/13 MP: 5/7
   111 | D:1      | Learned a level 2 spell: Ensorcelled Hibernation
   743 | D:2      | Reached skill level 5 in Stealth
   917 | D:2      | Reached XP level 3. HP: 16/16 MP: 11/11
  1432 | D:2      | Found a bloodstained altar of Trog.
  1709 | D:3      | Slain by an orc

Action                   || total
-------------------------++-------
Melee: Dagger            ||    72
 Cast: Corona            ||     2
       Ensorcelled Hiber ||    24
  Use: Scroll            ||     3
 Stab: Sleeping          ||    24
